 Dungeon Crawl Stone Soup version 0.15-b1-100-g7f93067 (webtiles) character file.

338 zercules the Thaumaturge (level 6, -1/32 HPs)
             Began as a Deep Elf Conjurer on Aug 22, 2014.
             Was a Follower of Vehumet.
             Killed by divine providence
             ... invoked by an orc priest
              (12 damage)
             ... on Level 4 of the Dungeon.
             The game lasted 00:19:52 (3717 turns).

zercules the Thaumaturge (Deep Elf Conjurer)        Turns: 3717, Time: 00:19:52

HP  -1/32        AC  2     Str  5      XL: 6   Next: 29%
MP  24/24        EV 13     Int 21      God: Vehumet [*.....]
Gold 183         SH  0     Dex 16      Spells:  3 memorised, 12 levels left

rFire  . . .     SeeInvis .     o - +2 short sword (venom)
rCold  . . .     Clarity  .     a - +0 robe
rNeg   . . .     rCorr    .     (no shield)
rPois  .         rRot     .     (no helmet)
rElec  .         Spirit   .     (no cloak)
SustAb .         Warding  .     (no gloves)
rMut   .         Stasis   .     (no boots)
Gourm  .                        (no amulet)
MR     .....                    (no ring)
                                (no ring)

@: not resistant to hostile enchantments, unstealthy
A: no striking features
a: Renounce Religion


You were on level 4 of the Dungeon.
You worshipped Vehumet.
Vehumet was aware of your devotion.
You were not hungry.

You visited 1 branch of the dungeon, and saw 4 of its levels.

You collected 183 gold pieces.


   Skills:
 - Level 2.4 Dodging
 - Level 2.4 Stealth
 - Level 8.0 Spellcasting
 + Level 5.5 Conjurations


You had 12 spell levels left.
You knew the following spells:

 Your Spells              Type           Power        Failure   Level  Hunger
a - Magic Dart            Conj           ####         1%          1    None
b - Dazzling Spray        Conj/Hex       ###.....     10%         3    None
c - Iskenderun's Battles  Conj/Chrm      ###.....     78%         5    ####...


Dungeon Overview and Level Annotations

Branches:
Dungeon (4/15)
 Temple: D:4-7

Altars:
Makhleb
Okawaru
Qazlal
Sif Muna
Vehumet
The Shining One

Inventory:

Hand weapons
 d - a +0 whip
 o - a +2 short sword of venom (weapon)
   (You took it off a kobold on level 2 of the Dungeon)
Armour
 a - a +0 robe (worn)
Comestibles
 b - a bread ration
 f - 3 meat rations
 k - a beef jerky
 r - 3 fruits
 s - 2 chunks of orc flesh {@w1}
 w - a slice of pizza
Scrolls
 g - a scroll of enchant armour {unknown}
 h - a scroll of enchant weapon {unknown}
 j - 2 scrolls of fog
 l - a scroll of identify {@r9}
 m - a scroll of random uselessness
 n - 2 scrolls of remove curse {@r8}
 q - a scroll of recharging
Jewellery
 t - an uncursed ring of sustain abilities {unknown}
Potions
 e - a potion of might {unknown}
 i - a potion of flight {unknown}
 p - a potion of restore abilities
 v - a potion of brilliance {unknown}
 z - a potion of heal wounds {unknown}
Books
 c - a book of Conjurations

#.# #.# #.# #o## #.#
#.###..###.##.# #.#
#....o........#
#.######
######o###.####
#......# #o# ######.#
#.# #
#.#########.###.#
######.....)...b@....#
..<....######........#
######.# #........##
#.# #........... #####
###.### #.......####
#.... #.....#
#.......# ## #.#..
####.....## #.......#
.# #%# #....###..#
####.#.## .# #.#
#.##.# #..# #.#.#
##>## #.#


You could see an orc priest, 3 orcs and a bat.


Message History

You hear some strange, mumbled words.
The puff of flame misses you.
You barely miss something. You closely miss something. Something hits you.
You barely miss something. You barely miss something.
Vehumet accepts your kill.
Reactivating autopickup.
You feel a bit more experienced.
An orc comes into view. It is wielding a trident.
The orc closely misses you.
Items here: % )) [ a dagger; a robe; a dagger; an orc corpse The orc hits you from afar with a trident.
You stop butchering the corpse.
The orc hits you from afar with a trident!
You stop butchering the corpse.
Casting: Magic Dart
Aiming: Dazzling Spray
Aim: an orc, wielding a trident The spray of energy hits the orc.
The orc is heavily wounded.
The orc is dazzled.
The orc misses you.
Casting: Dazzling Spray
Aiming: Magic Dart
Aim: an orc, wielding a trident (heavily wounded, blind)
The magic dart hits the orc.
You kill the orc!
Vehumet accepts your kill.
You can now gain magical power from killing.
Vehumet offers you knowledge of Sandblast.
Items here: % )) [ a dagger; a robe; a dagger; an orc corpse
Items here: % )) [ a dagger; a robe; a dagger; an orc corpse
Items here: % )) [ a dagger; a robe; a dagger; an orc corpse You finish butchering the orc corpse.
s - 3 chunks of orc flesh {@w1}
Things that are here:
a dagger; a robe; a dagger Eating one of 3 chunks of orc flesh {@w1}.
Magic restored.
Items here: % ( )) a short sword; a blowgun; 6 poisoned needles; a kobold skeleton An orc comes into view.
It is wielding a flail. 2 orcs, an orc priest and an orc wizard come into view.
The orc shouts! x2
A bat comes into view.
The orc priest shouts!
The orc shouts!
The bat closely misses you. x2
The bat completely misses you.
The orc wizard casts a spell.
The orc wizard blinks!
The bat barely misses you.
The orc wizard casts a spell.
The orc wizard blinks!
The bat hits you but does no damage. The bat hits you but does no damage.
The bat barely misses you. The bat closely misses you.
The bat hits you but does no damage.
The orc priest invokes the aid of Beogh against you.
Something smites you!
* * * LOW HITPOINT WARNING * * *
The bat misses you. The bat hits you.
* * * LOW HITPOINT WARNING * * *
The orc priest invokes the aid of Beogh against you.
Something smites you!
You die...

Action                   |  1- 3 |  4- 6 || total
-------------------------+-------+-------++-------
Melee: Whip              |     9 |       ||     9
       Short sword       |       |    22 ||    22
 Cast: Magic Dart        |    92 |    86 ||   178
       Dazzling Spray    |       |    11 ||    11
  Use: Potion            |       |     1 ||     1
       Scroll            |       |     6 ||     6
 Stab: Invisible         |       |     1 ||     1
  Eat: Chunk             |     2 |     4 ||     6
       Fruit             |     1 |       ||     1
       Beef jerky        |       |     1 ||     1

Vault maps used:
D:1:      dpeg_arrival_refuge
D:2:      tso_oasis_becter
D:3:      grunt_temple_overflow_open, grunt_qazlal_sundering
D:4:      first_bread, nicolae_ossuary_entry_giza

Notes
Turn   | Place    | Note
--------------------------------------------------------------
     0 | D:1      | zercules, the Deep Elf Conjurer, began the quest for the Orb.
     0 | D:1      | Reached XP level 1. HP: 10/10 MP: 5/5
   335 | D:1      | Reached XP level 2. HP: 15/15 MP: 6/8
   436 | D:1      | Reached skill level 4 in Spellcasting
   841 | D:2      | Found a glowing golden altar of the Shining One.
  1057 | D:2      | Reached XP level 3. HP: 19/19 MP: 6/13
  1223 | D:2      | Reached skill level 5 in Spellcasting
  1932 | D:3      | Found a stormy altar of Qazlal.
  1967 | D:3      | Learned a level 3 spell: Dazzling Spray
  2085 | D:3      | Reached XP level 4. HP: 24/24 MP: 15/18
  2219 | D:3      | Reached skill level 6 in Spellcasting
  2226 | D:3      | Found a stormy altar of Qazlal.
  2228 | D:3      | Found a deep blue altar of Sif Muna.
  2229 | D:3      | Found a burning altar of Makhleb.
  2229 | D:3      | Found a radiant altar of Vehumet.
  2230 | D:3      | Found an iron altar of Okawaru.
  2245 | D:3      | Became a worshipper of Vehumet
  2599 | D:3      | Reached skill level 7 in Spellcasting
  2599 | D:3      | Reached XP level 5. HP: 15/28 MP: 9/21
  2984 | D:4      | Reached skill level 8 in Spellcasting
  3080 | D:4      | Learned a level 5 spell: Iskenderun's Battlesphere
  3340 | D:4      | Reached skill level 5 in Conjurations
  3340 | D:4      | Reached XP level 6. HP: 21/32 MP: 7/24
  3649 | D:4      | Acquired Vehumet's first power
  3649 | D:4      | Offered knowledge of Sandblast by Vehumet.
  3717 | D:4      | Killed from afar by an orc priest

Vanquished Creatures
  A scorpion (D:4)
  4 orc wizards
  2 worker ants (D:4)
  An adder (D:3)
  3 worms
  An iguana skeleton (D:4)
  An orc skeleton (D:4)
  2 oozes
  11 orcs
  A ball python (D:3)
  12 bats
  2 giant cockroaches
  5 hobgoblins
  A jackal (D:4)
  4 quokkas
  2 giant geckos
  3 giant newts
  7 goblins
  A hobgoblin zombie (D:4)
  15 kobolds
  An orc zombie (D:4)
  13 rats
93 creatures vanquished.
